 Dungeon Crawl Stone Soup version 0.18-b1-10-g3f7de93 (webtiles) character file.

10355 Inkary the Nimble (level 11, -6/90 HPs)
             Began as a Troll Fighter on Apr 29, 2016.
             Was a Believer of Yredelemnul.
             Mangled by a ten-headed hydra (9 damage)
             ... on level 1 of the Lair of Beasts.
             The game lasted 00:44:30 (10871 turns).

Inkary the Nimble (Troll Fighter)                  Turns: 10871, Time: 00:44:30

Health: -6/90      AC: 15    Str: 28    XL:     11   Next: 35%
Magic:  14/14      EV: 11    Int:  2    God:    Yredelemnul [**....]
Gold:   427        SH: 12    Dex:  7    Spells: 0 memorised, 12 levels left

rFire  + . .     SeeInvis .       - Unarmed
rCold  . . .     Gourm    +     E - +2 robe {Archmagi}
rNeg   + . .     Faith    .     b - +1 shield
rPois  .         Spirit   .     (helmet restricted)
rElec  .         Dismiss  .     (no cloak)
rCorr  .         Reflect  .     (gloves unavailable)
SustAt +         Harm     .     (boots unavailable)
MR     .....                    (no amulet)
Stlth  +.........               p - ring of sustain attributes
                                A - ring of positive energy

@: about to teleport, injury mirror, drained, not resistant to hostile
enchantments, very unstealthy
A: unfitting armour, claws 3, iridescent scales 1, rough black scales 1, clumsy
2, deterioration 1, dopey 1, fire resistance 1, fast metabolism 3, frail 1,
gourmand, high mp 1, regeneration 2, shaggy fur 1, strong 1, tough skin 2
a: Animate Remains, Recall Undead Slaves, Injury Mirror, Renounce Religion


You were on level 1 of the Lair of Beasts.
You worshipped Yredelemnul.
Yredelemnul was pleased with you.
You were not hungry.

You visited 3 branches of the dungeon, and saw 13 of its levels.

You collected 657 gold pieces.
You spent 230 gold pieces at shops.

Inventory:

Armour
 b - a +1 shield (worn)
 E - a +2 robe of the Archmagi (worn)
Jewellery
 p - a ring of sustain attributes (right claw)
 z - an uncursed ring of protection from magic
 A - a ring of positive energy (left claw)
 F - an uncursed amulet of guardian spirit
Wands
 j - a wand of polymorph (13/24)
 v - a wand of slowing (29/48)
 x - a wand of flame (34/48)
 y - a wand of confusion (17/48)
 B - a wand of teleportation (1/9)
 H - a wand of confusion (34/48)
Scrolls
 c - a scroll of vulnerability {unknown}
 e - a scroll of magic mapping
 g - a scroll of fog
 k - 9 scrolls of remove curse
 q - a scroll of enchant armour
 r - 2 scrolls of identify
 s - 3 scrolls of teleportation
 J - a scroll of amnesia {unknown}
 K - a scroll of fear
Potions
 a - a potion of beneficial mutation
 f - 2 potions of curing
 h - a potion of agility {unknown}
 n - 2 potions of ambrosia
 o - 3 potions of flight
 t - 2 potions of brilliance
 u - a potion of invisibility
 C - a potion of haste {unknown}
 G - 2 potions of heal wounds
 I - a potion of berserk rage {unknown}
Miscellaneous
 l - a plain deck of summoning
Comestibles
 d - 13 bread rations
 i - 3 slices of pizza
 m - 7 meat rations
 w - 3 fruits
 D - 10 royal jellies


   Skills:
 * Level 4.3(4.2) Fighting
 + Level 8.7(8.6) Dodging
 + Level 8.7(8.6) Shields
 - Level 8.0(7.9) Unarmed Combat
 - Level 1.2(1.1) Spellcasting
 - Level 4.3(4.2) Invocations
 + Level 3.1(3.0) Evocations


You had 12 spell levels left.
You didn't know any spells.

Dungeon Overview and Level Annotations

Branches:
Dungeon (10/15)            Temple (1/1) D:4            Lair (2/8) D:10
    Orc (0/2) D:9

Altars:
Ashenzari
Cheibriados
Dithmenos
Elyvilon
Fedhas
Gozag
Kikubaaqudgha
Makhleb
Nemelex Xobeh
Okawaru
Pakellas
Qazlal
Ru
Sif Muna
Trog
Vehumet
Xom
Yredelemnul
Zin
The Shining One

Shops:
D:5 %   D:6 %   D:8 %   D:10 *

Annotations:
D:2 exclusion: oklob plant


Innate Abilities, Weirdness & Mutations

You are too large for most types of armour.
You have claws for hands.
Your metabolism is lightning-fast.
You like to eat raw meat.
You heal very quickly.
You are covered in fur (AC +1).
You have very tough skin (AC +2).
You are partially covered in iridescent scales (AC +4).
You are partially covered in rough black scales (AC +4, Dex -1).
You are very clumsy. (Dex -4)
Your body sometimes deteriorates upon taking damage.
You are dopey. (Int -2)
Your flesh is heat resistant.
You are frail (-10% HP).
You have an increased reservoir of magic (+10% MP).
Your muscles are strong. (Str +2)


Message History

* * * LOW HITPOINT WARNING * * *
Yredelemnul mirrors your injury!
The ten-headed hydra is severely wounded.
You can no longer animate legions of the dead.
The ten-headed hydra barely misses you.
The ten-headed hydra completely misses you.
You climb upwards.
There is a stone staircase leading down, spattered with blood here.
Okay, then.
Read which item? (? for menu, Esc to quit)
As you read the scroll of teleportation, it crumbles to dust.
You feel strangely unstable. The ten-headed hydra bites you.
* * * LOW HITPOINT WARNING * * *
Yredelemnul mirrors your injury!
The ten-headed hydra is almost dead.
The ten-headed hydra bites you but does no damage.
The ten-headed hydra closely misses you.
The ten-headed hydra bites you!
You die...
Your body rises from the dead as a mindless zombie.

##.#...........................
#.#........#..................
#..........#...#####P##...####
##.#........#..##P.#####.......
###...#.##............####...#...
..............##....#..##....#...
..Z....Z............#..###...###.
.#######Z.....#÷....#............
.# #P.####...@D.....#.#....... .#
##.# #....÷..#.###........ .##
#.# #.#.....#.#.#........ ..# #.#
#.#.....#............ .## #.#
#.........#.#........ .#
##.#####.......####........ .#
#............### #........ .##
#..........### #........ ..#
##..........# ##........


You could see a ten-headed hydra.

Vanquished Creatures
  Erolcha (D:9)
  Nergalle (Lair:2)
  A black mamba (Lair:1)
  Psyche (D:8)
  A centaur skeleton (D:10)
  A spiny frog (Lair:1)
  A komodo dragon (D:10)
  A vampire (D:8)
  14 yaks
  A wyvern (D:9)
  A hog (D:10)
  2 hippogriffs
  Edmund (D:4)
  2 water moccasins
  A porcupine (Lair:1)
  An orc warrior (D:7)
  2 ice beasts
  4 sky beasts
  2 ogres
  An eye of draining (D:7)
  A wasp (D:9)
  A centaur (D:8)
  6 crocodiles
  2 giant frogs
  A wyvern skeleton (D:7)
  2 scorpions
  6 wights (D:10)
  5 crimson imps
  4 orc priests
  4 hounds
  4 jellies
  8 orc wizards
  5 iguanas
  Ijyb (D:4)
  9 worker ants
  8 hell rats (Lair:1)
  3 sheep (Lair:1)
  A hound zombie (D:6)
  4 gnolls (D:4)
  15 adders
  29 river rats (Lair:1)
  3 shadow imps
  6 oozes
  4 adder skeletons
  An adder zombie (D:7)
  A worm (D:2)
  A dart slug (D:2)
  4 giant geckos
  17 orcs
  2 ball pythons
  4 giant cockroaches
  14 goblins
  4 hobgoblins
  12 jackals
  9 quokkas
  6 bats
  5 giant newts
  5 kobolds
  22 rats
  4 plants (D:2)
283 creatures vanquished.

Vanquished Creatures (collateral kills)
  A hydra (Lair:1)
  A centaur skeleton (D:10)
  A water moccasin (Lair:1)
  A centaur (D:10)
  A crocodile (Lair:1)
  2 wights (D:10)
  A hound (D:9)
  A sheep (Lair:1)
  7 river rats (Lair:1)
  An orc (D:7)
  2 rats (Lair:1)
19 creatures vanquished.

Vanquished Creatures (others)
  A black mamba zombie (Lair:1)
  A water moccasin zombie (Lair:1)
  5 yak zombies
  2 crocodile zombies
  A hound zombie (D:9)
  2 orc zombies
  A scorpion zombie (D:7)
  8 river rat zombies (Lair:1)
  A ball python zombie (D:7)
  3 jackal zombies (D:8)
  A fungus (Lair:1)
  2 plants (D:10)
  12 toadstools (D:2)
40 creatures vanquished.

Grand Total: 342 creatures vanquished

Notes
Turn   | Place    | Note
--------------------------------------------------------------
     0 | D:1      | Inkary the Troll Fighter began the quest for the Orb.
     0 | D:1      | Reached XP level 1. HP: 22/22 MP: 0/0
   117 | D:1      | Reached XP level 2. HP: 29/29 MP: 1/1
   537 | D:1      | Reached XP level 3. HP: 36/36 MP: 2/2
  1068 | D:2      | Reached XP level 4. HP: 30/44 MP: 4/4
  1069 | D:2      | Found a sparkling altar of Nemelex Xobeh.
  1246 | D:2      | Reached skill level 1 in Spellcasting
  1345 | D:2      | Found a blossoming altar of Fedhas.
  1374 | D:2      | Noticed an oklob plant
  2195 | D:3      | Reached XP level 5. HP: 50/50 MP: 5/5
  3055 | D:4      | Found a staircase to the Ecumenical Temple.
  3078 | Temple   | Entered the Ecumenical Temple
  3129 | Temple   | Became a worshipper of Yredelemnul the Dark
  3177 | D:4      | Reached XP level 6. HP: 55/59 MP: 6/6
  3503 | D:4      | Noticed Ijyb
  3519 | D:4      | Killed Ijyb
  3847 | D:5      | Entered Level 5 of the Dungeon
  3847 | D:5      | Found Geluw's Food Emporium.
  3847 | D:5      | Noticed Edmund
  3986 | D:4      | Killed Edmund
  3986 | D:4      | Reached XP level 7. HP: 56/66 MP: 7/7
  4003 | D:5      | Bought a bread ration for 65 gold pieces
  4003 | D:5      | Bought a bread ration for 65 gold pieces
  4062 | D:5      | Reached * piety under Yredelemnul
  4062 | D:5      | Reached skill level 1 in Invocations
  4208 | D:5      | Found a shimmering altar of Xom.
  4273 | D:5      | Found a glowing golden altar of the Shining One.
  4399 | D:5      | Reached skill level 5 in Unarmed Combat
  4790 | D:6      | Found Cioxuec's Food Boutique.
  4807 | D:6      | Bought a bread ration for 50 gold pieces
  4807 | D:6      | Bought a bread ration for 50 gold pieces
  4892 | D:6      | Gained mutation: Your muscles are strong. (Str +2) [mutagenic meat]
  5007 | D:6      | Reached XP level 8. HP: 58/74 MP: 8/8
  5262 | D:7      | Reached skill level 5 in Shields
  5287 | D:7      | Reached skill level 5 in Dodging
  5382 | D:7      | Found a shattered altar of Ashenzari.
  6228 | D:8      | Reached ** piety under Yredelemnul
  6267 | D:8      | Found a radiant altar of Vehumet.
  6267 | D:8      | Found a glowing silver altar of Zin.
  6342 | D:8      | Reached XP level 9. HP: 80/80 MP: 10/10
  6409 | D:8      | Found Unwib's Food Emporium.
  6781 | D:9      | Noticed Psyche
  6976 | D:8      | Killed Psyche
  7089 | D:9      | Found a staircase to the Orcish Mines.
  7255 | D:9      | Found an oddly glowing altar of Pakellas.
  7518 | D:9      | Noticed Erolcha
  7534 | D:9      | Killed Erolcha
  7534 | D:9      | Reached XP level 10. HP: 40/88 MP: 12/12
  7979 | D:10     | Entered Level 10 of the Dungeon
  8095 | D:10     | Found an opulent altar of Gozag.
  8095 | D:10     | Found Gozag's Platinum Reserve.
  8211 | D:10     | Gained mutation: You are frail (-10% HP). [potion of mutation]
  8211 | D:10     | Gained mutation: You are clumsy. (Dex -2) [potion of mutation]
  8211 | D:10     | Gained mutation: Your body sometimes deteriorates upon taking damage. [potion of mutation]
  8212 | D:10     | Gained mutation: Your flesh is heat resistant. [potion of mutation]
  8212 | D:10     | Gained mutation: You are very clumsy. (Dex -4) [potion of mutation]
  8244 | D:10     | Noticed Sonja
  8251 | D:10     | Reached skill level 1 in Evocations
  8267 | D:10     | Noticed Sonja
  8267 | D:10     | Sonja changed into Sonja the hog
  8270 | D:10     | Killed Sonja the hog
  8278 | D:10     | Gained mutation: You are partially covered in rough black scales (AC +4, Dex -1). [mutagenic meat]
  8279 | D:10     | Gained mutation: You have an increased reservoir of magic (+10% MP). [mutagenic meat]
  8280 | D:10     | Gained mutation: You are partially covered in iridescent scales (AC +4). [mutagenic meat]
  8381 | D:10     | Found a basalt altar of Yredelemnul.
  8400 | D:10     | Gained mutation: You are dopey. (Int -2) [mutagenic meat]
  8502 | D:10     | Found a staircase to the Lair.
  9314 | Lair:1   | Entered Level 1 of the Lair of Beasts
  9735 | Lair:1   | Reached XP level 11. HP: 21/88 MP: 14/14
 10000 | Lair:1   | Reached *** piety under Yredelemnul
 10556 | Lair:2   | Noticed Nergalle
 10586 | Lair:1   | Noticed a six-headed hydra
 10597 | Lair:1   | Killed a seven-headed hydra
 10675 | Lair:2   | Noticed a five-headed hydra
 10772 | Lair:2   | Killed Nergalle
 10845 | Lair:2   | Your ally Nergalle died
 10869 | Lair:2   | HP: 4/90 [ten-headed hydra (5)]
 10871 | Lair:1   | Mangled by a ten-headed hydra

Skill      XL: |  1  2  3  4  5  6  7  8  9 10 11 |
---------------+----------------------------------+-----
Unarmed Combat | 3 4 5 6 8 |  8.0
Shields        | 3 4 5 7 8 |  8.7
Spellcasting   | 1 |  1.2
Dodging        | 3 4 5 7 8 |  8.7
Invocations    | 2 3 4 |  4.3
Evocations     | 2 3 |  3.1
Fighting       | 3 4 |  4.3

Action                   |  1- 3 |  4- 6 |  7- 9 | 10-12 || total
-------------------------+-------+-------+-------+-------++-------
Melee: Unarmed           |   141 |   298 |   393 |   408 ||  1240
Invok: Animate Remains   |       |       |    12 |    14 ||    26
       Injury Mirror     |       |       |     1 |     3 ||     4
       Animate Dead      |       |       |       |     4 ||     4
Evoke: Wand              |       |       |       |     8 ||     8
  Use: Scroll            |       |       |    11 |    12 ||    23
       Potion            |       |       |     7 |     3 ||    10
 Stab: Distracted        |       |       |     1 |       ||     1
  Eat: Chunk             |    14 |    19 |    40 |    31 ||   104
       Pizza             |       |     1 |     1 |     1 ||     3
       Beef jerky        |       |       |     1 |     1 ||     2
       Fruit             |       |       |       |     2 ||     2
Armor: Robe              |    56 |    46 |    73 |   112 ||   287
Dodge: Dodged            |    49 |    87 |   101 |   126 ||   363
Block: Shield            |    66 |   107 |   176 |   204 ||   553
